 Dungeon Crawl Stone Soup version 0.28.0-53-g5a82cb258f (webtiles) character file.

Game seed: 17759174648275998115

46 Ashen the Magician (level 3, -12/25 HPs)
             Began as a Mummy Fire Elementalist on July 22, 2022.
             Mangled by an iguana (14 damage)
             ... on level 2 of the Dungeon.
             The game lasted 00:03:35 (1706 turns).

Ashen the Magician (Mummy Fire Elementalist)        Turns: 1706, Time: 00:03:36

Health: -12/25     AC:  2    Str: 11    XL:     3   Next: 44%
Magic:  0/7        EV: 11    Int: 16    God:
Gold:   49         SH:  5    Dex: 12    Spells: 5/8 levels left

rFire   x . .      SeeInvis .   (no weapon)
rCold   + . .      Faith    .   g - +2 buckler
rNeg    + + +      Spirit   .   a - +0 robe
rPois   ∞          Reflect  .   (no helmet)
rElec   .          Harm     .   (no cloak)
rCorr   .          Rampage  .   (no gloves)
Will    .....                   (no boots)
Stlth   ++........              (no amulet)
HPRegen 0.08/turn               (no ring)
MPRegen 0.10/turn               (no ring)

@: very slightly contaminated
A: cold resistance 1, negative energy resistance 3, torment resistance 2, heat
vulnerability 1, no potions
a: no special abilities


You were on level 2 of the Dungeon.
You visited 1 branch of the dungeon, and saw 2 of its levels.

You collected 49 gold pieces.

Inventory:

Hand Weapons
 f - a +0 halberd
Armour
 a - a +0 robe (worn)
 g - a +2 buckler (worn)
Scrolls
 b - a scroll of identify {unknown}
 c - a scroll of enchant armour {unknown}
 d - 2 scrolls of immolation {unknown}
 e - a scroll of teleportation {unknown}
 h - a scroll of enchant weapon {unknown}
 i - 2 scrolls of noise {unknown}


   Skills:
 + Level 0.9 Fighting
 + Level 2.0 Dodging
 + Level 2.0 Stealth
 + Level 0.2 Shields
 + Level 3.1 Spellcasting
 + Level 1.2 Conjurations
 + Level 2.6 Fire Magic


You had 5 spell levels left.
You knew the following spells:

 Your Spells              Type           Power      Damage    Failure   Level
a - Foxfire               Conj/Fire      32%        2x1d5     12%         1
b - Scorch                Fire           20%        2d6       13%         2

Your spell library contained the following spells:

 Spells                   Type           Power      Damage    Failure   Level
 Sandblast                Erth           4%         2d4       26%         1
 Conjure Flame            Conj/Fire      8%         6-21      34%         3
 Passwall                 Tmut/Erth      1%         N/A       36%         2
 Inner Flame              Hex/Fire       6%         N/A       41%         3
 Stone Arrow              Conj/Erth      8%         3d7       52%         3
 Flame Wave               Conj/Fire      8%         2d5       75%         4


Dungeon Overview and Level Annotations

Branches:
Dungeon (2/15)

Altars:


Innate Abilities, Weirdness & Mutations

You are immune to poison.
Your flesh is cold resistant. (rC+)
You are immune to negative energy. (rN+++)
You are immune to unholy pain and torment.
You are vulnerable to heat. (rF-)
You do not drink.


Message History

The foxfire hits the iguana.
The iguana is heavily wounded.
The foxfire hits the iguana but does no damage.
The iguana is heavily wounded.
The iguana bites you!
* * * LOW HITPOINT WARNING * * *
You see here a bat corpse.
Casting: Foxfire (safe; 12% risk of failure)
Confirm with . or Enter, or press ? or * to list all spells.
You conjure some foxfire!
You block the iguana's attack.
Casting: Foxfire (safe; 12% risk of failure)
Confirm with . or Enter, or press ? or * to list all spells.
You miscast Foxfire.
You are very lightly contaminated with residual magic.
Nothing appears to happen.
The foxfire hits the iguana but does no damage.
The iguana is moderately wounded.
The foxfire hits the iguana but does no damage.
The iguana is moderately wounded.
The iguana barely misses you.
Casting: Foxfire (safe; 12% risk of failure)
Confirm with . or Enter, or press ? or * to list all spells.
You conjure some foxfire!
The iguana bites you!
* * * LOW HITPOINT WARNING * * *
Unknown command.
The foxfire hits the iguana.
The iguana is moderately wounded.
The foxfire hits the iguana.
The iguana is severely wounded.
Casting: Foxfire (safe; 12% risk of failure)
Confirm with . or Enter, or press ? or * to list all spells.
You conjure some foxfire!
You block the iguana's attack.
Casting: Foxfire (safe; 12% risk of failure)
Confirm with . or Enter, or press ? or * to list all spells.
You conjure some foxfire!
The foxfire hits the iguana but does no damage.
The iguana is severely wounded.
The iguana bites you!
Ouch! That really hurt!
You die...

#.#.................#
#.#######.####.#...# #.# #.#
#...### #.# #.####.###
#.#######.......##
#.##.....###.....# #.##.###.#
##...######.
#........#####vl.......
#.....†......§v@######
##.......#####v## ###.....#
#.# ####### #.# #.########
#........# #########
#..#####.#
........#######..### #.#
.######............###.######


You could see an iguana (ally target).

Vanquished Creatures
  2 adders (D:2)
  A dart slug (D:1)
  2 bats
  2 endoplasms
  3 goblins
  6 hobgoblins
  4 ball pythons (D:1)
  3 frilled lizards (D:1)
  A rat (D:1)
24 creatures vanquished.

Vanquished Creatures (others)
  74 foxfires
  A plant (D:2)
75 creatures vanquished.

Grand Total: 99 creatures vanquished

Notes
Turn   | Place    | Note
-------+----------+-------------------------------------------
     0 | D:1      | Ashen the Mummy Fire Elementalist began the quest for the
                  | Orb.
     0 | D:1      | Reached XP level 1. HP: 13/13 MP: 4/4
   278 | D:1      | Reached skill level 1 in Conjurations
   415 | D:1      | Reached XP level 2. HP: 20/20 MP: 2/5
  1248 | D:2      | Reached skill level 3 in Spellcasting
  1248 | D:2      | Reached XP level 3. HP: 16/25 MP: 1/7
  1251 | D:2      | Learned a level 2 spell: Scorch
  1634 | D:2      | Found a faded altar of an unknown god.
  1706 | D:2      | Mangled by an iguana

Illustrated notes

Levels and vault maps discovered:
D:1:      giann_wishing_wells, layout_loops_ring, minivault_5,
          skrybe_limestone_x, minmay_misc_feat_encased, minmay_misc_feat_iff
D:2:      layout_loops_corners, shapermc_ecumenical_altar_mp_urbaneastern,
          kennysheep_cross_room, uniq_terence

Skill      XL: |  1  2  3 |
---------------+----------+-----
Conjurations   | 1 |  1.2
Spellcasting   | 3 |  3.1
Stealth        | 2 |  2.0
Dodging        | 2 |  2.0
Fighting       | |  0.9
Shields        | |  0.2
Fire Magic     | |  2.6

Action                   || total
-------------------------++-------
Melee: Unarmed           ||    36
 Cast: Foxfire           ||    42
 Stab: Sleeping          ||     1
Armor: Robe              ||    11
Dodge: Dodged            ||    35
Block: Buckler           ||    12
